AoeStats
← stinaj90

Nomad

510806333Analyzed
2v2 RM · 17h ago on Oct 2, 2026· 57m 52s· 4 players
Game mode
Random Map
Map size
176×176
Population
200
Speed
Normal
Resources
Standard
Victory
Conquest
Starting age
Dark Age
Ending age
Imperial Age
RankedLock teamsTeams togetherTeam positionsShared explorationLock speedFull tech treeHidden civsTurbo modeCheats
Victory
Defeat
🇸🇪 Inca · Sweden
1076
+15
🇪🇸 Tupi · Spain
1045
+16
🇿🇦 Varangians · South Africa
1053
-15
🇿🇦 Portuguese · South Africa
1052
-16
Requejo
14:41 Feudal Age
15:27 Double-Bit Axe
17:09 Fishing Lines
20:21 Castle Age
18:27 Gold Mining
18:33 Stone Mining
19:08 Fletching
19:19 Padded Archer Armor
18:44 Champi Runner
20:56 Gillnets
21:31 Bow Saw
22:27 Gold Shaft Mining
23:54 Wheelbarrow
24:03 Leather Archer Armor
23:43 Bodkin Arrow
24:29 Ballistics
24:13 Town Watch
24:36 Squires
24:50 Forging
24:41 Scale Mail Armor
27:15 Medium Warships
26:44 Pikeman
31:31 Imperial Age
32:12 Caciques
33:13 Chemistry
32:16 Bracer
32:32 Chain Mail Armor
32:03 Elite Blackwood Archer
34:53 Halberdier
35:56 Conscription
37:14 Hand Cart
39:48 Ring Archer Armor
39:54 Iron Casting
38:43 Champi Warrior
39:49 Elite Champi Warrior
44:41 Plate Mail Armor
47:27 Curare
51:57 Arson
stinaj90
14:55 Feudal Age
19:51 Castle Age
20:12 Double-Bit Axe
22:41 Bow Saw
23:46 Gold Mining
24:04 Fletching
24:38 Horse Collar
26:03 Bodkin Arrow
28:21 Medium Warships
31:48 Wheelbarrow
31:38 Heavy Plow
32:14 Gold Shaft Mining
32:58 Murder Holes
34:02 Forging
33:52 Scale Mail Armor
41:57 Imperial Age
39:42 Hand Cart
39:22 Town Watch
39:44 Stone Mining
40:17 Ballistics
40:07 Fortified Wall
53:35 Bracer
53:35 Padded Archer Armor
53:37 Andean Sling
53:58 Conscription
Nephilim
5:42 Loom
15:03 Feudal Age
19:10 Castle Age
27:00 Imperial Age
29:18 Chemistry
32:47 Conscription
35:02 Arquebus
40:26 Elite Organ Gun
42:27 Siege Engineers
51:30 Husbandry
51:40 Bloodlines
52:38 Forging
52:34 Scale Barding Armor
51:55 Cavalier
ChopStIx
7:17 Loom
15:02 Feudal Age
15:36 Double-Bit Axe
21:13 Castle Age
19:09 Fishing Lines
19:24 Gold Mining
22:32 Medium Warships
27:09 Wheelbarrow
26:19 Town Watch
28:02 Horse Collar
29:53 Hand Cart
31:14 Fletching
36:04 Imperial Age
35:33 Ballistics
36:38 Squires
36:24 Gambesons
36:58 Stone Mining
37:21 Padded Archer Armor
37:17 Bodkin Arrow
36:49 Elite Skirmisher
49:43 Forging
50:27 Husbandry
Connection lost

Rejoining the realm…

Still unreachable

The connection could not be restored.

Session expired

The server has moved on; the page needs a fresh start.